 Dungeon Crawl Stone Soup version 0.29.1-12-g30fa7ad0bf (webtiles) character file.

Game seed: 3519462801787456262

2290 Radix the Geomancer (level 9, 0/45 HPs)
             Began as a Gargoyle Earth Elementalist on Dec 20, 2022.
             Slain by an orc warrior
             ... wielding a +0 broad axe
              (3 damage)
             ... in a bailey.
             The game lasted 00:50:43 (7863 turns).

Radix the Geomancer (Gargoyle Earth Elementalist)   Turns: 7863, Time: 00:50:43

Health: 0/45       AC: 13    Str: 13    XL:     9   Next: 40%
Magic:  14/19      EV: 10    Int: 19    God:
Gold:   503        SH:  5    Dex: 10    Spells: 14/21 levels left

rFire   . . .      SeeInvis .   w - +2 spear (freeze)
rCold   . . .      Faith    .   i - +2 buckler
rNeg    + . .      Spirit   .   e - +0 acid dragon scales
rPois   ∞          Reflect  .   (no helmet)
rElec   +          Harm     .   (no cloak)
rCorr   +          Rampage  .   E - +0 pair of gloves
Will    .....                   (no boots)
Stlth   +.........              y - amulet of regeneration
HPRegen 0.95/turn               t - ring of wizardry
MPRegen 0.16/turn               (no ring)

@: no status effects
A: sickness immunity, AC +6, negative energy resistance 1, electricity
resistance, torment resistance 1, petrification resistance
a: no special abilities


You were in a bailey.
You visited 2 branches of the dungeon, and saw 8 of its levels.
You also visited: Ossuary and Bailey.

You collected 503 gold pieces.

Inventory:

Hand Weapons
 f - a +1 dagger
 u - a +0 rapier
 w - a +2 spear of freezing (weapon)
Armour
 a - a +0 robe
 e - +0 acid dragon scales (worn)
 i - a +2 buckler (worn)
 E - a +0 pair of gloves (worn)
Jewellery
 t - a ring of wizardry (left hand)
 y - an amulet of regeneration (around neck)
 C - an amulet of guardian spirit
Wands
 A - a wand of light (1)
 G - a wand of roots (7)
Scrolls
 g - 2 scrolls of immolation
 h - 5 scrolls of identify
 j - 2 scrolls of teleportation
 p - a scroll of enchant weapon
 v - a scroll of enchant armour {unknown}
 z - a scroll of magic mapping
 B - a scroll of silence {unknown}
Potions
 b - a potion of magic
 c - 2 potions of mutation
 d - a potion of berserk rage
 k - 3 potions of resistance
 m - a potion of degeneration {unknown}
 n - 4 potions of brilliance
 o - 2 potions of haste
 q - 2 potions of curing
 r - a potion of flight
 s - a potion of invisibility {unknown}
 x - 3 potions of attraction
 D - a potion of lignification {unknown}


   Skills:
 - Level 1.5 Dodging
 - Level 2.1 Stealth
 + Level 6.8 Spellcasting
 + Level 7.0 Conjurations
 + Level 1.8 Summonings
 - Level 0.7 Transmutations
 + Level 9.3 Earth Magic


You had 14 spell levels left.
You knew the following spells:

 Your Spells              Type           Power      Damage    Failure   Level
a - Sandblast             Erth           84%        2d18      1%          1
b - Stone Arrow           Conj/Erth      74%        3d11      1%          3
c - Summon Guardian Gole  Hex/Summ       10%        N/A       17%         3

Your spell library contained the following spells:

 Spells                   Type           Power      Damage    Failure   Level
 Shock                    Conj/Air       76%        1d7       1%          1
 Passwall                 Tmut/Erth      20%        N/A       1%          2
 Summon Small Mammal      Summ           52%        N/A       4%          1
 Slow                     Hex            24%        N/A       9%          1
 Petrify                  Tmut/Erth      25%        N/A       11%         4
 Call Canine Familiar     Summ           13%        N/A       12%         3
 Confusing Touch          Hex            6%         N/A       26%         3
 Swiftness                Air            6%         N/A       26%         3
 Vampiric Draining        Necr           6%         2d6       26%         3
 Airstrike                Air            3%         2d(1-17)  61%         4


Dungeon Overview and Level Annotations

Branches:
Dungeon (6/15)             Temple (1/1) D:6         Ossuary (visited)
 Bailey (1/1)

Altars:
Ashenzari
Cheibriados
Dithmenos
Elyvilon
Fedhas
Gozag
Hepliaklqana
Kikubaaqudgha
Nemelex Xobeh
Qazlal
Ru
Sif Muna
Trog
Uskayaw
Wu Jian
Xom

Shops:
D:1 *

Annotations:
D:9 Erica


Innate Abilities, Weirdness & Mutations

You are immune to sickness and miasma.
Your stone body is resilient. (AC +6)
You are immune to poison.
You resist negative energy. (rN+)
You are resistant to electric shocks. (rElec)
You are resistant to unholy torment.
You are immune to petrification.


Message History

You kill the kobold!
Your guardian golem disappears in a puff of smoke!
Unknown command.
Aiming: Sandblast (safe; 1% risk of failure)
Press: ? - help, Q - select action, (/) - cycle Shift-Dir - straight line, f - orc warrior
Aim: an orc warrior, wielding a +0 war axe and wearing a +0 ring mail (81% to hit)
The blast of sand hits the orc warrior!
The orc warrior is heavily wounded.
Aiming: Sandblast (safe; 1% risk of failure)
Press: ? - help, Q - select action, (/) - cycle Shift-Dir - straight line, f/p - orc warrior
Aim: an orc warrior, wielding a +0 war axe and wearing a +0 ring mail (heavily wounded, 81% to hit)
The blast of sand hits the orc warrior.
The orc warrior is severely wounded.
The orc warrior closely misses you.
Aiming: Sandblast (safe; 1% risk of failure)
Press: ? - help, Q - select action, (/) - cycle Shift-Dir - straight line, f/p - orc warrior
Aim: an orc warrior, wielding a +0 war axe and wearing a +0 ring mail (severely wounded, 81% to hit)
The blast of sand hits the orc warrior!
The orc warrior is almost dead.
The orc warrior closely misses you.
Aiming: Sandblast (safe; 1% risk of failure)
Press: ? - help, Q - select action, (/) - cycle Shift-Dir - straight line, f/p - orc warrior
Aim: an orc warrior, wielding a +0 war axe and wearing a +0 ring mail (almost dead, 81% to hit)
The blast of sand misses the orc warrior.
The blast of sand hits the orc warrior!
The orc warrior is heavily wounded.
The orc warrior barely misses you.
The orc warrior hits you but does no damage.
The orc warrior hits you with a +0 war axe!
The orc warrior hits you with a +0 broad axe.
The orc warrior hits you with a +0 broad axe!
* * * LOW HITPOINT WARNING * * *
You block the orc warrior's attack.
The orc warrior hits you with a +0 broad axe!
* * * LOW HITPOINT WARNING * * *
The orc warrior attacks as you move away!
You block the orc warrior's attack.
The orc warrior attacks as you move away!
The orc warrior hits you with a +0 broad axe.
You die...

#############.#
####..............
##...........######
##.........#'##
#.....⌠....#..#
##.......###@.#
###.....#.ooo####'#
####......###.g.Kg...
≈≈≈≈≈≈......#..####o####
.#.K
#≈≈≈≈≈≈≈~≈≈.####.......#
##≈≈
##....~≈≈≈≈≈≈∩#.gKg...#∩≈≈≈≈
##.....(≈≈≈≈≈#########≈≈≈≈#
##.....).≈≈≈≈≈≈≈≈≈≈≈≈≈≈#
###....(....≈≈≈≈≈≈≈.#


You could see 3 orc warriors, a goblin and a kobold.

Vanquished Creatures
  Sigmund (D:5)
  Menkaure (D:5)
  An acid dragon (D:9)
  A water moccasin (D:4)
  An orc warrior (Bailey)
  3 ogres
  A phantom (D:4)
  4 scorpions
  4 killer bees (D:9)
  A howler monkey (D:5)
  A jelly (D:6)
  3 bullfrog zombies (D:4)
  2 hounds
  2 orc priests
  A scorpion zombie (D:4)
  5 iguanas
  2 orc wizards (D:5)
  6 hound zombies (D:4)
  2 hound skeletons (D:4)
  8 mummies (Ossuary)
  5 adders
  6 gnolls
  2 white imps
  2 ufetubi
  3 adder skeletons (D:4)
  4 adder zombies (D:4)
  A worm (D:3)
  A dart slug (D:1)
  12 orcs
  3 ball pythons
  5 bats
  5 endoplasms
  3 giant cockroaches
  10 hobgoblins
  4 quokkas
  5 frilled lizards
  12 goblins
  2 hobgoblin zombies (Ossuary)
  16 kobolds
  5 kobold zombies (Ossuary)
  An orc zombie (Ossuary)
  6 rats
163 creatures vanquished.

Vanquished Creatures (others)
  4 plants (D:4)
  4 withered plants (D:4)
8 creatures vanquished.

Grand Total: 171 creatures vanquished

Notes
Turn   | Place    | Note
-------+----------+-------------------------------------------
     0 | D:1      | Radix the Gargoyle Earth Elementalist began the quest for
                  | the Orb.
     0 | D:1      | Reached XP level 1. HP: 10/10 MP: 3/3
   212 | D:1      | Found Kingao's Assorted Antiques.
   276 | D:1      | Reached XP level 2. HP: 15/15 MP: 3/5
   278 | D:1      | Found a faded altar of an unknown god.
   283 | D:1      | Reached skill level 4 in Earth Magic
   811 | D:1      | Reached XP level 3. HP: 19/19 MP: 4/6
  1776 | D:2      | Reached XP level 4. HP: 24/24 MP: 5/8
  2302 | D:3      | Found an ornate altar of the Wu Jian Council.
  2347 | D:3      | Identified the +1 robe "Gilamedusab" {Rampage Int-2 Slay+2}
  2524 | D:3      | Learned a level 3 spell: Stone Arrow
  2550 | D:3      | Reached skill level 5 in Earth Magic
  2864 | D:4      | Reached skill level 1 in Conjurations
  2864 | D:4      | Reached XP level 5. HP: 22/28 MP: 0/10
  2956 | D:4      | Found a sand-covered staircase.
  2964 | Ossuary  | Entered an ossuary
  3375 | Ossuary  | Reached XP level 6. HP: 32/32 MP: 7/11
  3692 | D:4      | Reached skill level 6 in Earth Magic
  4195 | D:4      | Reached XP level 7. HP: 36/36 MP: 6/13
  4709 | D:4      | Reached skill level 7 in Earth Magic
  4904 | D:4      | Reached skill level 5 in Spellcasting
  4950 | D:4      | Reached XP level 8. HP: 41/41 MP: 0/15
  5275 | D:4      | Reached skill level 5 in Conjurations
  5732 | D:5      | Entered Level 5 of the Dungeon
  6144 | D:5      | Reached skill level 8 in Earth Magic
  6294 | D:5      | Noticed Menkaure
  6301 | D:5      | Killed Menkaure
  6465 | D:5      | Noticed Sigmund
  6471 | D:5      | Killed Sigmund
  6589 | D:5      | Reached XP level 9. HP: 45/45 MP: 4/18
  7116 | D:6      | Reached skill level 9 in Earth Magic
  7186 | D:6      | Found a staircase to the Ecumenical Temple.
  7208 | Temple   | Entered the Ecumenical Temple
  7267 | D:6      | You fall into a shaft and drop 3 floors!
  7307 | D:9      | Noticed a tengu warrior
  7319 | D:9      | Noticed a white ugly thing
  7379 | D:9      | Noticed Erica
  7414 | D:9      | Reached skill level 1 in Summonings
  7480 | D:9      | Found a flagged portal.
  7496 | D:9      | Learned a level 3 spell: Summon Guardian Golem
  7530 | Bailey   | Entered a bailey
  7863 | Bailey   | Slain by an orc warrior

Illustrated notes

Levels and vault maps discovered:
D:1:      dpeg_chamrin_arrival_tetris, layout_loops_corners, serial_shops,
          nicolae_diamond_shop, hellmonk_ecumenical_altar_blasted
D:2:      layout_rooms, serial_glass, glass_columns_a, glass_columns_c,
          glass_columns_b, feat_on_display, item_on_display_a,
          kennysheep_decorative_pillar
D:3:      layout_basic, mainiacjoe_overflow_boulevard, columned_hall_lemuel,
          minmay_misc_feat_more_columns
D:4:      layout_basic, nicolae_ossuary_entry_plus, serial_undead,
          serial_undead_d, serial_undead_c, serial_undead_b, serial_undead_f,
          serial_undead_a, serial_undead_d, serial_undead_d, serial_undead_d,
          guppyfry_early_lair_pool
D:5:      layout_rooms, chequers_serial_rivers_micro_b,
          corexii_hall_statues_deadend, uniq_sigmund, uniq_menkaure
D:6:      layout_loops_corners, minmay_temple_entry_slanted,
          chequers_serial_rivers_small_a, corexii_hall_statues_s,
          nicolae_specific_store
D:9:      layout_loops_cross, mainiacjoe_overflow_surrounded_room,
          enter_bailey_3, small_chamber_with_monster, uniq_erica, uniq_harold
Temple:   hellmonk_temple_two_chambers
Bailey:   bailey_axe_4, bailey

Skill      XL: |  1  2  3  4  5  6  7  8  9 |
---------------+----------------------------+-----
Earth Magic    | 4 5 6 7 8 9 |  9.3
Spellcasting   | 3 4 5 6 |  6.8
Conjurations   | 1 2 3 4 6 7 |  7.0
Summonings     | 1 |  1.8
Dodging        | |  1.5
Stealth        | |  2.1
Transmutations | |  0.7

Action                   |  1- 3 |  4- 6 |  7- 9 || total
-------------------------+-------+-------+-------++-------
Melee: Dagger            |       |    22 |       ||    22
       Spear             |       |       |     5 ||     5
 Cast: Sandblast         |    40 |    91 |   123 ||   254
       Stone Arrow       |       |     8 |    30 ||    38
       Summon Guardian G |       |       |     2 ||     2
  Use: Scroll            |       |    16 |     4 ||    20
       Potion            |       |     1 |     3 ||     4
Armor: Robe              |       |    14 |    25 ||    39
       Acid dragon scale |       |       |     8 ||     8
Dodge: Dodged            |     2 |    19 |    34 ||    55
Block: Buckler           |       |     9 |    20 ||    29
